 Dungeon Crawl Stone Soup version 0.26.1-10-gdfb7c7de75 (webtiles) character file.

Game seed: 10405325363981637182

22 Almogavar the Conjurer (level 2, -3/15 HPs)
             Began as a Deep Elf Conjurer on Apr 12, 2021.
             Shot with an arrow by a centaur (8 damage)
             ... on level 2 of the Dungeon.
             The game lasted 00:02:38 (1106 turns).

Almogavar the Conjurer (Deep Elf Conjurer)          Turns: 1106, Time: 00:02:41

Health: -3/15      AC:  3    Str:  4    XL:     2   Next: 68%
Magic:  6/8        EV: 13    Int: 22    God:
Gold:   113        SH:  0    Dex: 13    Spells: 6/7 levels left

rFire    . . .     SeeInvis .   e - +0 dagger
rCold    . . .     Faith    .   (no shield)
rNeg     . . .     Spirit   .   a - +1 robe
rPois    .         Reflect  .   (no helmet)
rElec    .         Harm     .   (no cloak)
rCorr    .         Rampage  .   (no gloves)
Will     .....                  (no boots)
Stlth    ++........             (no amulet)
HPRegen  0.05/turn              (no ring)
MPRegen  0.11/turn              (no ring)

@: no status effects
A: no striking features
a: no special abilities


You were on level 2 of the Dungeon.
You visited 1 branch of the dungeon, and saw 2 of its levels.

You collected 113 gold pieces.

Inventory:

Hand Weapons
 e - a +0 dagger (weapon)
Armour
 a - a +1 robe (worn)
 f - a +0 buckler
Jewellery
 h - an uncursed ring of stealth {unknown}
Scrolls
 d - a scroll of enchant armour
 g - a scroll of remove curse
 k - a scroll of noise {unknown}
 l - a scroll of fog {unknown}
Potions
 b - 2 potions of curing
 c - a potion of magic {unknown}
 i - a potion of cancellation {unknown}
 j - a potion of attraction {unknown}


   Skills:
 + Level 2.4 Dodging
 + Level 2.6 Stealth
 + Level 3.2 Spellcasting
 + Level 5.1 Conjurations


You had 6 spell levels left.
You knew the following spells:

 Your Spells              Type           Power        Failure   Level
a - Magic Dart            Conj           100%         1%          1

Your spell library contained the following spells:

 Spells                   Type           Power        Failure   Level
 Searing Ray              Conj           52%          2%          2
 Dazzling Flash           Conj/Hex       28%          13%         3
 Fulminant Prism          Conj/Hex       7%           38%         4
 Iskenderun's Mystic Bla  Conj/Tloc      14%          38%         4


Dungeon Overview and Level Annotations

Branches:
Dungeon (2/15)

Altars:


Message History

Press: ? - help, Shift-Dir - straight line, f - bat
Aim: a bat (asleep, 0% to evade)
The magic dart hits the bat.
You kill the bat!
A centaur comes into view.
The centaur shouts!
The centaur wields a +0 shortbow.
The centaur shoots an arrow.
The arrow hits you!
Ouch! That really hurt!
You see here an arrow.
Casting: Magic Dart (safe; 1% risk of failure)
Confirm with . or Enter, or press ? or * to list all spells.
Aiming: Magic Dart (safe; 1% risk of failure)
Press: ? - help, Shift-Dir - straight line, f - centaur
Aim: a centaur, wielding a +0 shortbow and quivering 17 arrows (0% to evade)
The magic dart hits the centaur.
The centaur is lightly wounded.
The centaur shoots an arrow.
The arrow hits you!
Ouch! That really hurt!
You die...

#.........####.####
######.##..........
#..##.###......
#.###.#...#####
##.........#
##...##.##..# ##
###...###.....#
##...#...#.>(......#
#...[..@......(....#
...............†...#
...†...............#
...................#
#.............<..
##...#...#!######
#########c# .#


You could see a centaur.

Vanquished Creatures
  2 dart slugs
  A leopard gecko (D:1)
  2 giant cockroaches
  2 goblins (D:1)
  2 hobgoblins (D:2)
  2 kobolds (D:1)
  A quokka (D:2)
  A bat (D:2)
  2 rats
15 creatures vanquished.

Notes
Turn   | Place    | Note
-------+----------+-------------------------------------------
     0 | D:1      | Almogavar the Deep Elf Conjurer began the quest for the
                  | Orb.
     0 | D:1      | Reached XP level 1. HP: 10/10 MP: 6/6
   363 | D:1      | Reached XP level 2. HP: 15/15 MP: 4/8
   980 | D:2      | Reached skill level 5 in Conjurations
  1104 | D:2      | Noticed a centaur
  1106 | D:2      | Shot with an arrow by a centaur

Illustrated notes

Levels and vault maps discovered:
D:1:      amcnicky_arrival_double_pillar, layout_basic
D:2:      minmay_recursive_quarters, layout_rooms, minmay_tetromino_s2,
          uniq_crazy_yiuf_cottage, uniq_robin

Skill      XL: |  1  2 |
---------------+-------+-----
Conjurations   | 5 |  5.1
Dodging        | |  2.4
Stealth        | |  2.6
Spellcasting   | |  3.2

Action                   || total
-------------------------++-------
 Cast: Magic Dart        ||    29
  Use: Scroll            ||     4
Armor: Robe              ||     1
